 Dungeon Crawl Stone Soup version 0.24.0-123-gd5b16e6ec5 (webtiles) character file.

Game seed: 14625832682497331540, levelgen mode: deterministic

19714 sylvan the Impaler (level 12, -3/112 HPs)
             Began as a Merfolk Gladiator on Jan 25, 2020.
             Was a High Priest of Makhleb.
             Slain by a vampire knight
             ... wielding a +0 great sword
              (14 damage)
             ... while paralysed by a vampire knight
             ... on level 12 of the Dungeon.
             The game lasted 00:34:11 (12246 turns).

sylvan the Impaler (Merfolk Gladiator)             Turns: 12246, Time: 00:34:11

Health: -3/112     AC: 20    Str: 23    XL:     12   Next: 71%
Magic:  14/14      EV:  2    Int:  7    God:    Makhleb [*****.]
Gold:   531        SH:  0    Dex: 16    Spells: 9/11 levels left

rFire    + . .     SeeInvis .   a - +9 demon trident (elec)
rCold    + . .     Gourm    .   W - +0 shield
rNeg     . . .     Faith    .   p - +0 gold dragon scales
rPois    +         Spirit   .   c - +0 helmet
rElec    .         Reflect  .   Q - +0 cloak
rCorr    .         Harm     .   (no gloves)
MR       .....                  U - +0 pair of boots
Stlth    ..........             M - amulet of Vitality {Regen+ HP+15}
HPRegen  0.68/turn              N - +6 ring of evasion
MPRegen  0.14/turn              q - +4 ring of strength

@: paralysed, very slightly contaminated, drained
A: change form in water, swift swim, stealthy swim
a: Minor Destruction, Lesser Servant of Makhleb, Major Destruction, Greater
Servant of Makhleb, Renounce Religion


You were on level 12 of the Dungeon.
You worshipped Makhleb.
Makhleb was extremely pleased with you.
You were not hungry.

You visited 2 branches of the dungeon, and saw 13 of its levels.

You collected 531 gold pieces.

Inventory:

Hand Weapons
 a - a +9 demon trident of electrocution (weapon)
 A - a +1 trident
Missiles
 d - 4 throwing nets
 o - 40 poisoned darts (quivered)
 D - 11 boomerangs
Armour
 c - a +0 helmet (worn)
 p - +0 gold dragon scales (worn)
 Q - a +0 cloak (worn)
 U - a +0 pair of boots (worn)
 W - a +0 shield (worn)
Jewellery
 l - an uncursed ring of resist corrosion
 q - a +4 ring of strength (right hand)
 u - a +3 amulet of reflection
 H - the ring "Ritoatup" {Fire +Fly MR- Dex+4}
   (You found it on level 8 of the Dungeon)

   [ring of fire]

   It enhances your fire magic.
   It affects your dexterity (+4).
   It protects you from fire.
   It makes you vulnerable to cold.
   It affects your resistance to hostile enchantments.
   It lets you fly.
 M - the amulet of Vitality (around neck) {Regen+ HP+15}
   (You found it on level 10 of the Dungeon)

   [amulet of regeneration]

   It affects your health (+15).
   It increases your rate of regeneration.
 N - a +6 ring of evasion (left hand)
 S - an uncursed amulet of faith {unknown}
Wands
 e - a wand of acid (4)
 v - a wand of scattershot (6)
 G - a wand of digging (5)
 I - a wand of disintegration (9)
 V - a wand of enslavement (11)
Scrolls
 b - a scroll of summoning {unknown}
 h - 6 scrolls of fear {unknown}
 k - 6 scrolls of remove curse
 m - a scroll of fog {unknown}
 n - 4 scrolls of teleportation
 r - 2 scrolls of immolation {unknown}
 s - 4 scrolls of magic mapping
 z - a scroll of brand weapon {unknown}
 R - a scroll of amnesia {unknown}
 T - 2 scrolls of identify
Potions
 g - 2 potions of invisibility
 i - 4 potions of curing
 j - 3 potions of haste
 t - a potion of agility
 B - a potion of might
 C - a potion of resistance
 J - 2 potions of lignification
 K - a potion of berserk rage
 O - 2 potions of magic
 P - a potion of heal wounds
Comestibles
 f - 23 rations
 w - 10 chunks of flesh


   Skills:
 + Level 10.3(9.6) Fighting
 + Level 16.2(15.4) Polearms
 + Level 4.3(3.7) Throwing
 * Level 8.6(7.9) Armour
 - Level 4.0(3.4) Dodging
 + Level 6.3(5.7) Shields
 * Level 3.2(2.7) Invocations
 - Level 3.9(3.4) Evocations


You had 9 spell levels left.
You knew the following spells:

 Your Spells              Type           Power        Failure   Level  Hunger
a - Call Imp              Summ           #.......     100%        2    ###....

Your spell library contained the following spells:

 Spells                   Type           Power        Failure   Level  Hunger
 Confusing Touch          Hex            #.....       100%        1    ##.....
 Freeze                   Ice            #...         100%        1    ##.....
 Summon Small Mammal      Summ           #...         100%        1    ##.....
 Throw Frost              Conj/Ice       #.....       100%        2    ###....
 Call Canine Familiar     Summ           #.......     100%        3    ####...
 Confuse                  Hex            #.......     100%        3    ####...
 Gell's Gravitas          Tloc           #.........   100%        3    ####...
 Ozocubu's Armour         Chrm/Ice       #.......     100%        3    ####...
 Summon Guardian Golem    Hex/Summ       #.......     100%        3    ####...
 Cause Fear               Hex            #.........   100%        4    #####..
 Petrify                  Tmut/Erth      #.......     100%        4    #####..
 Summon Ice Beast         Ice/Summ       #.......     100%        4    #####..
 Summon Lightning Spire   Summ/Air       #.......     100%        4    #####..
 Throw Icicle             Conj/Ice       #.......     100%        4    #####..
 Metabolic Englaciation   Hex/Ice        #.........   100%        5    ######.
 Silence                  Hex/Air        #.........   100%        5    ######.
 Yara's Violent Unravell  Hex/Tmut       #.........   100%        5    ######.
 Deflect Missiles         Chrm/Air       #.........   100%        6    #######
 Discord                  Hex            #.........   100%        8    #######


Dungeon Overview and Level Annotations

Branches:
Dungeon (12/15)            Temple (1/1) D:7            Lair (0/6) D:11
    Orc (0/2) D:11

Altars:
Ashenzari
Cheibriados
Dithmenos
Elyvilon
Fedhas
Gozag
Hepliaklqana
Kikubaaqudgha
Makhleb
Nemelex Xobeh
Okawaru
Qazlal
Ru
Sif Muna
Trog
Uskayaw
Vehumet
Wu Jian
Xom
Yredelemnul
Zin
The Shining One
Beogh

Annotations:
D:3 exclusion: 2 downstairs
D:4 exclusion: 2 downstairs
D:5 1 runed translucent door, exclusion: 2 downstairs, LifeIsToil's ghost, novice MiGl
D:6 exclusion: downstairs
D:7 exclusion: downstairs


Message History

Something draws strength from your injuries!
You bump into the stone wall.
Something hits you!!
* * * LOW HITPOINT WARNING * * *
Something bites you.
* * * LOW HITPOINT WARNING * * *
Something draws strength from your injuries!
You feel better. Something hits you!
* * * LOW HITPOINT WARNING * * *
Something bites you but does no damage.
Okay, then.
Blink to where?
Press: ? - help, Dir - move target cursor You are very lightly contaminated with residual magic.
As you read the scroll of blinking, it crumbles to dust.
You suddenly lose the ability to move!
Something hits you but does no damage. Something bites you.
* * * LOW HITPOINT WARNING * * *
Something draws strength from your injuries!
Something hits you!
You die...

.....# #..........
.....# #..........
.....#######..........
............<.÷.......
..#..≈≈≈≈≈≈≈≈≈≈≈≈≈≈≈≈≈
....≈≈≈≈≈≈≈≈≈≈≈≈≈≈≈≈≈≈
...≈≈≈...####'####...≈
..≈≈≈...###.....###...
..≈≈...##.'.....@.##..
..≈≈..+#..#######..##.
..≈≈.##.. ##..## ..
##..## . ##..# ##.#
#.....#. #.# #.....'
#.# #.._..# ##.#


There were no monsters in sight!

Vanquished Creatures
  2 hydras (D:11)
  A two-headed ogre (D:9)
  A vampire mage (D:12)
  2 ugly things (D:11)
  2 manticores (D:11)
  A cyclops (D:11)
  Psyche (D:8)
  A kobold demonologist (D:12)
  3 trolls
  A hornet (D:12)
  Prince Ribbit (D:5)
  5 hippogriffs
  22 flying skulls
  8 yaks (D:11)
  A wraith (D:12)
  2 wyverns (D:11)
  4 vampires (D:12)
  A soldier ant (D:11)
  A black bear (D:7)
  4 ice beasts
  3 sky beasts
  A necrophage (D:7)
  3 phantoms
  2 orc warriors
  6 ogres
  9 centaurs
  A big kobold (D:6)
  4 bullfrogs
  A gnoll sergeant (D:11)
  A wyvern zombie (D:9)
  A water moccasin zombie (D:7)
  A wyvern skeleton (D:11)
  4 scorpions
  6 killer bees
  7 wights (D:10)
  2 centaur zombies
  12 howler monkeys
  7 crimson imps
  2 bullfrog zombies
  5 human zombies (D:12)
  8 hounds
  7 jellies
  5 centaur skeletons
  3 orc priests
  9 orc wizards
  3 bullfrog skeletons
  A gnoll shaman (D:6)
  5 iguanas
  8 worker ants
  A bullfrog simulacrum (D:11)
  A hound skeleton (D:10)
  A worker ant zombie (D:5)
  Robin (D:2)
  11 gnolls
  16 adders
  3 shadow imps
  5 oozes (D:9)
  A worm (D:2)
  A dart slug (D:2)
  7 leopard geckos
  33 orcs
  4 giant cockroaches
  11 goblins
  8 hobgoblins
  7 jackals
  10 kobolds
  4 quokkas
  A ball python (D:7)
  4 bats
  8 frilled lizards
  A quokka skeleton (D:7)
  6 rats
336 creatures vanquished.

Notes
Turn   | Place    | Note
-------+----------+-------------------------------------------
     0 | D:1      | sylvan the Merfolk Gladiator began the quest for the Orb.
     0 | D:1      | Reached XP level 1. HP: 16/16 MP: 1/1
    59 | D:1      | Reached skill level 5 in Polearms
    59 | D:1      | Reached XP level 2. HP: 16/22 MP: 2/2
   888 | D:2      | Reached XP level 3. HP: 25/27 MP: 3/3
  1185 | D:2      | Reached skill level 6 in Polearms
  1185 | D:2      | Reached skill level 1 in Armour
  1229 | D:2      | Noticed Robin
  1256 | D:2      | Reached XP level 4. HP: 29/34 MP: 4/4
  1324 | D:2      | Killed Robin
  1749 | D:3      | Found a sparkling altar of Nemelex Xobeh.
  1759 | D:3      | Learned a level 2 spell: Call Imp
  2221 | D:3      | Found a glowing golden altar of the Shining One.
  2353 | D:4      | Reached XP level 5. HP: 34/40 MP: 5/5
  2384 | D:4      | Noticed an ogre
  2446 | D:3      | Reached skill level 7 in Polearms
  2633 | D:4      | Reached XP level 6. HP: 39/47 MP: 6/6
  3661 | D:4      | Found an ancient bone altar of Kikubaaqudgha.
  3685 | D:4      | Reached skill level 8 in Polearms
  3948 | D:5      | Entered Level 5 of the Dungeon
  3986 | D:5      | Reached XP level 7. HP: 37/52 MP: 7/7
  4346 | D:5      | Found a runed translucent door.
  4349 | D:5      | Noticed LifeIsToil's ghost (novice MiGl)
  4497 | D:5      | Noticed Prince Ribbit
  4699 | D:5      | Got a faintly glowing ring mail
  4779 | D:5      | Identified the cursed +1 ring mail of Generosity {*Corrode
                  | +Inv rElec Int+4} (You found it on level 5 of the Dungeon)
  5024 | D:5      | Reached skill level 9 in Polearms
  5332 | D:6      | Reached skill level 1 in Evocations
  5550 | D:6      | Reached XP level 8. HP: 56/60 MP: 8/8
  5936 | D:5      | Killed Prince Ribbit
  5936 | D:5      | Reached skill level 10 in Polearms
  6092 | D:6      | Found a snail-covered altar of Cheibriados.
  6795 | D:7      | Found a staircase to the Ecumenical Temple.
  6801 | D:7      | Noticed a hippogriff
  6807 | D:7      | Killed a hippogriff
  6807 | D:7      | Reached skill level 1 in Shields
  6817 | Temple   | Entered the Ecumenical Temple
  7098 | Temple   | Became a worshipper of Makhleb the Destroyer
  7156 | D:7      | Reached XP level 9. HP: 56/67 MP: 11/11
  7228 | D:7      | Reached skill level 5 in Fighting
  7228 | D:7      | Reached skill level 5 in Armour
  7434 | D:7      | Reached skill level 11 in Polearms
  8181 | D:8      | Reached * piety under Makhleb
  8240 | D:8      | Got a flickering golden ring
  8281 | D:8      | Identified the ring "Ritoatup" {Fire +Fly MR- Dex+4} (You
                  | found it on level 8 of the Dungeon)
  8534 | D:8      | Noticed Psyche
  8563 | D:8      | Killed Psyche
  8563 | D:8      | Reached skill level 12 in Polearms
  8633 | D:8      | Reached XP level 10. HP: 68/74 MP: 12/12
  9064 | D:9      | Noticed a two-headed ogre
  9126 | D:9      | Killed a two-headed ogre
  9894 | D:9      | Identified a scroll of acquirement
  9925 | D:9      | Reached skill level 13 in Polearms
 10030 | D:10     | Entered Level 10 of the Dungeon
 10044 | D:10     | Found the amulet of Vitality {Regen+ HP+15}
 10061 | D:10     | Reached ** piety under Makhleb
 10844 | D:11     | Reached XP level 11. HP: 82/82 MP: 13/13
 10857 | D:11     | Found a shimmering blue altar of Sif Muna.
 10944 | D:11     | Reached skill level 14 in Polearms
 11066 | D:11     | Reached *** piety under Makhleb
 11080 | D:11     | Noticed a six-headed hydra
 11090 | D:11     | Killed a six-headed hydra
 11126 | D:11     | Found a staircase to the Lair.
 11186 | D:11     | Found a staircase to the Orcish Mines.
 11200 | D:11     | Found a roughly hewn altar of Beogh.
 11246 | D:11     | Noticed a manticore
 11250 | D:11     | Reached skill level 5 in Shields
 11256 | D:11     | Noticed a manticore
 11259 | D:11     | Killed a manticore
 11272 | D:11     | Killed a manticore
 11284 | D:11     | Noticed a five-headed hydra
 11290 | D:11     | Killed a five-headed hydra
 11290 | D:11     | Reached skill level 15 in Polearms
 11392 | D:11     | Reached **** piety under Makhleb
 11401 | D:11     | Noticed a green ugly thing
 11408 | D:11     | Noticed a purple ugly thing
 11442 | D:11     | Noticed a cyclops
 11453 | D:11     | Killed a purple ugly thing
 11460 | D:11     | Killed a red ugly thing
 11463 | D:11     | Killed a cyclops
 11463 | D:11     | Reached XP level 12. HP: 93/93 MP: 14/14
 11898 | D:11     | Reached skill level 1 in Invocations
 12078 | D:12     | Reached skill level 10 in Fighting
 12114 | D:12     | Reached skill level 16 in Polearms
 12202 | D:12     | Found a basalt altar of Yredelemnul.
 12202 | D:12     | Identified the cursed +0 hand axe "Balu" {elec, rElec rF+
                  | Dex-4}
 12206 | D:12     | Reached ***** piety under Makhleb
 12206 | D:12     | Noticed a vampire mage
 12220 | D:12     | Noticed a vampire knight
 12227 | D:12     | Killed a vampire mage
 12242 | D:12     | Paralysed by something for 7 turns
 12246 | D:12     | Slain by a vampire knight

Levels and vault maps discovered:
D:1:      minmay_arrival_semitransparent, layout_loops_ring
D:2:      layout_loops_cross, uniq_robin
D:3:      layout_loops_ring, nicolae_tso_carved_into_rock, lemuel_crystal_altar
D:4:      layout_loops_ring, kennysheep_little_box, first_ration
D:5:      layout_gridville, gammafunk_ghost_grave, uniq_prince_ribbit1
D:6:      layout_basic, kennysheep_mini_moat
D:7:      layout_rooms, minmay_temple_entry_large_hall
D:8:      layout_cave_pools, minmay_chambers_of_fives, uniq_psyche
D:9:      layout_irregular_city, hangedman_little_slice_of_home,
          chequers_decorated_corner
D:10:     layout_irregular_city, chequers_mini_garden
D:11:     minmay_imperfect_grid, layout_basic, minmay_orc_entry_temple_small,
          basic_altar
D:12:     lemuel_vampire_tower, layout_irregular_city
Temple:   regret_index_temple_mists

Skill      XL: |  1  2  3  4  5  6  7  8  9 10 11 12 |
---------------+-------------------------------------+-----
Polearms       | 5 6 7 8 9 10 12 13 15 16 | 16.2
Armour         | 1 2 3 4 5 6 7 8 |  8.6
Fighting       | 3 4 6 7 9 10 | 10.3
Evocations     | 1 3 |  3.9
Shields        | 1 3 4 5 6 |  6.3
Throwing       | 3 4 |  4.3
Invocations    | 3 |  3.2
Dodging        | |  4.0

Action                   |  1- 3 |  4- 6 |  7- 9 | 10-12 || total
-------------------------+-------+-------+-------+-------++-------
Melee: Trident           |   112 |   164 |   428 |   138 ||   842
       Demon trident     |       |       |       |   520 ||   520
Throw: Dart              |       |       |    15 |    16 ||    31
       Boomerang         |       |       |       |     5 ||     5
Evoke: Wand              |       |       |       |     2 ||     2
  Use: Scroll            |       |       |     8 |    13 ||    21
       Potion            |       |       |       |     1 ||     1
 Stab: Sleeping          |     5 |     1 |       |       ||     6
  Eat: Chunk             |     1 |     9 |    11 |    12 ||    33
       Ration            |       |       |     1 |       ||     1
Armor: Leather armour    |    25 |     2 |       |       ||    27
       Ring mail         |       |    18 |    55 |       ||    73
       Scale mail        |       |     2 |     1 |       ||     3
       Plate armour      |       |       |    47 |    83 ||   130
       Gold dragon scale |       |       |       |    92 ||    92
Dodge: Dodged            |    55 |    78 |   165 |   178 ||   476
Block: Buckler           |       |       |    93 |    72 ||   165
       Reflection        |       |       |    12 |     2 ||    14
       Shield            |       |       |       |    97 ||    97
